 Dungeon Crawl Stone Soup version 0.31-a0-175-g9f7f995f2b (webtiles) character file.

Game seed: 14983919275538823622

205 qw the Shooter (level 5, -2/29 HPs)
             Began as a Gargoyle Hunter on June 16, 2023.
             Slain by a river rat (6 damage)
             ... in a sewer.
             The game lasted 00:01:03 (2341 turns).

qw the Shooter (Gargoyle Hunter)                    Turns: 2341, Time: 00:01:03

Health: -2/29      AC: 11    Str: 18    XL:     5   Next: 83%
Magic:  5/5        EV: 11    Int:  9    God:
Gold:   242        SH:  0    Dex: 14    Spells: 4/4 levels left

rFire   . . .        Y - +0 shortbow
rCold   . . .        (shield currently unavailable)
rNeg    + + .        e - +0 ring mail
rPois   inf          (no helmet)
rElec   +            (no cloak)
rCorr   .            (no gloves)
SInv    .            h - +1 pair of boots
Will    .....        k - amulet of regeneration
Stlth   +            l - ring of positive energy
HPRegen 1.04/turn    (no ring)
MPRegen 0.09/turn

%: no passive effects
@: about to teleport
A: sickness immunity, AC +4, negative energy resistance 1, electricity
resistance, torment resistance 1, petrification resistance, frail 1, strong 1
a: no special abilities


You were in a sewer.
You visited 1 branch of the dungeon, and saw 3 of its levels.
You also visited: Sewer.

You collected 242 gold pieces.


Innate Abilities, Weirdness & Mutations

You are immune to sickness and miasma.
Your stone body is resilient. (AC +4)
You are immune to poison.
You resist negative energy. (rN+)
You are resistant to electric shocks. (rElec)
You are resistant to unholy torment.
You are immune to petrification.
You are frail. (-10% HP)
Your muscles are strong. (Str +4, Int/Dex -1)


   Skills:
 + Level 3.9 Fighting
 - Level 6.0 Ranged Weapons
 - Level 1.2 Armour
 - Level 1.5 Dodging
 - Level 1.1 Stealth


You had 4 spell levels left.
You didn't know any spells.
Your spell library was empty.

Inventory:

Hand Weapons
 Y - a +0 shortbow (weapon)
Armour
 e - a +0 ring mail (worn)
 h - a +1 pair of boots (worn)
 i - a +2 pair of boots
Jewellery
 k - an amulet of regeneration (around neck)
 l - a ring of positive energy (left hand)
Scrolls
 c - a scroll of enchant weapon {unknown}
 f - 3 scrolls of teleportation
 g - 2 scrolls of identify
Potions
 a - a potion of curing
 b - a potion of haste
 d - a potion of might {unknown}
 j - a potion of enlightenment {unknown}

Dungeon Overview and Level Annotations

Branches:
Dungeon (3/15)              Sewer (1/1)

Altars:


Message History

The adder barely misses you. The adder bites you but does no damage.
You shoot an arrow. The arrow hits the adder!
The adder is almost dead.
The adder barely misses you.
You shoot an arrow. The arrow hits the adder.
You kill the adder!
There is a large open door, spattered with blood here.
Things that are here:
an adder corpse; an adder corpse You open the large door. 4 river rats come into view.
You shoot an arrow. The arrow hits the river rat.
The river rat is moderately wounded.
The river rat closely misses you.
You shoot an arrow. The arrow hits the river rat.
The river rat is heavily wounded.
The river rat misses you.
The river rat bites you but does no damage.
You shoot an arrow.
The arrow hits the river rat but does no damage.
The river rat is heavily wounded.
The river rat barely misses you. The river rat closely misses you.
The river rat bites you. The river rat closely misses you.
You shoot an arrow. The arrow closely misses the river rat.
The river rat bites you but does no damage.
The river rat bites you. The river rat closely misses you.
The river rat bites you but does no damage.
You shoot an arrow. The arrow closely misses the river rat.
The river rat bites you! The river rat closely misses you.
The river rat bites you. x2; The river rat barely misses you. x2
The river rat bites you. x2
You shoot an arrow. The arrow barely misses the river rat.
The river rat bites you. The river rat barely misses you.
The river rat misses you. The river rat bites you.
2341 ||| READING 4 scrolls of teleportation.
As you read the scroll of teleportation, it crumbles to dust.
You feel strangely unstable. The river rat bites you.
The river rat barely misses you. The river rat bites you.
You die...

#~~.##!#..#.#
#~~~##!'..'.#
#.~~##!'..'.#
#~~w##.#..#.#
#~~w####..###
#~~w# #..#
#~~~## #..###
#~~~##.#r.#.#
#~~~##.r@.%.#
#~~.##.rr.'.#
#~~~##.#..#.#
#~~~####..###
#.~~# #..#
#~~~# #\\#
#~~~# ####
#~~.# #.~~#


You could see 4 river rats.

Vanquished Creatures
  Jessica (D:2)
  9 adders
  A river rat (Sewer)
  7 worms
  2 dart slugs
  An orc (D:3)
  6 ball pythons
  8 bats
  An endoplasm (D:2)
  9 giant cockroaches
  6 goblins
  4 hobgoblins (D:1)
  A jackal (Sewer)
  3 quokkas
  2 frilled lizards
  2 kobolds
  7 rats
70 creatures vanquished.

Notes
Turn   | Place    | Note
-------+----------+-------------------------------------------
     0 | D:1      | qw the Gargoyle Hunter began the quest for the Orb.
     0 | D:1      | Reached XP level 1. HP: 12/12 MP: 1/1
     0 | D:1      | 0 ||| qw: Version: 0.2-a-29-g511e9b1
     0 | D:1      | 0 ||| qw: Game counter: 5829
     0 | D:1      | 0 ||| qw: Always use a shield: true
     0 | D:1      | 0 ||| qw: God list: Okawaru
     0 | D:1      | 0 ||| qw: Allow faded altars: false
     0 | D:1      | 0 ||| qw: Do Orc after D:15 true
     0 | D:1      | 0 ||| qw: Do second Lair branch before Depths: true
     0 | D:1      | 0 ||| qw: Lair rune preference: random
     0 | D:1      | 0 ||| qw: Plans: Normal, Zot:1-4, Slime:5, God:TSO, Crypt,
                  | Tomb, Abyss, Pan, Hells, Win
     0 | D:1      | 0 ||| PLANNING D:1-11
   199 | D:1      | Reached XP level 2. HP: 17/17 MP: 2/2
   619 | D:1      | You fall into a shaft and drop 1 floor!
   629 | D:2      | 629 ||| READING scroll labelled HIPNORR VEDIO.
   630 | D:2      | 630 ||| READING scroll labelled SIBLUHUI HOLI.
   631 | D:2      | 631 ||| READING scroll labelled UGIAHORUEM.
   643 | D:2      | 643 ||| DROPPING scroll of butterflies.
  1090 | D:2      | Reached XP level 3. HP: 21/21 MP: 3/3
  1132 | D:2      | Reached skill level 5 in Ranged Weapons
  1308 | D:2      | Reached skill level 3 in Fighting
  1381 | D:2      | Noticed Jessica
  1382 | D:2      | Killed Jessica
  1383 | D:2      | Reached XP level 4. HP: 28/28 MP: 4/4
  1803 | D:2      | 1803 ||| DROPPING scarf of harm.
  1804 | D:2      | 1804 ||| UPGRADING to amulet of regeneration.
  1809 | D:2      | 1809 ||| UPGRADING to ring of positive energy.
  1810 | D:2      | 1810 ||| READING scroll labelled PEXKUDDE KOUV.
  1811 | D:2      | 1811 ||| READING 4 scrolls labelled VIAGOCZISO.
  1816 | D:2      | 1816 ||| DRINKING 2 metallic yellow potions.
  1817 | D:2      | 1817 ||| DRINKING 2 fizzy purple potions.
  1825 | D:3      | 1825 ||| PLANNING SEWER
  1939 | D:3      | Reached XP level 5. HP: 32/32 MP: 5/5
  1999 | D:3      | Found a glowing drain.
  2028 | D:3      | 2028 ||| UPGRADING to +0 ring mail.
  2038 | D:3      | 2038 ||| DROPPING +0 leather armour.
  2039 | D:3      | 2039 ||| UPGRADING to +0 pair of boots.
  2044 | D:3      | 2044 ||| READING scroll of enchant armour.
  2044 | D:3      | 2044 ||| ENCHANTING +0 pair of boots.
  2045 | D:3      | 2045 ||| DRINKING 2 lumpy inky potions.
  2045 | D:3      | Gained mutation: You are frail. (-10% HP) [potion of
                  | mutation]
  2045 | D:3      | Gained mutation: You are somewhat resistant to further
                  | mutation. [potion of mutation]
  2045 | D:3      | Gained mutation: Your mind is acute. (Int +4, Str/Dex -1)
                  | [potion of mutation]
  2046 | D:3      | 2046 ||| DRINKING potion of mutation.
  2046 | D:3      | Lost mutation: You are frail. (-10% HP) [potion of
                  | mutation]
  2046 | D:3      | Lost mutation: Your mind is acute. (Int +4, Str/Dex -1)
                  | [potion of mutation]
  2046 | D:3      | Lost mutation: You are somewhat resistant to further
                  | mutation. [potion of mutation]
  2046 | D:3      | Gained mutation: You are frail. (-10% HP) [potion of
                  | mutation]
  2046 | D:3      | Gained mutation: Your muscles are strong. (Str +4, Int/Dex
                  | -1) [potion of mutation]
  2082 | D:3      | Reached skill level 1 in Armour
  2094 | Sewer    | Entered a sewer
  2114 | Sewer    | 2114 ||| Stepping ~*~*~tactically~*~*~ (water).
  2140 | Sewer    | Reached skill level 6 in Ranged Weapons
  2206 | Sewer    | 2206 ||| Stepping ~*~*~tactically~*~*~ (water).
  2273 | Sewer    | 2273 ||| Stepping ~*~*~tactically~*~*~ (water).
  2340 | Sewer    | HP: 7/29 [river rat (2)]
  2341 | Sewer    | 2341 ||| READING 4 scrolls of teleportation.
  2341 | Sewer    | Slain by a river rat

Levels and vault maps discovered:
D:1:      evilmike_arrival_rings, layout_loops_ring
D:2:      layout_loops_corners, glass_columns_c, minmay_quadrilaterals,
          uniq_jessica
D:3:      layout_basic, shapermc_ecumenical_altar_mp_urbaneastern,
          gup_sewer_entry_glass, minivault_24
Sewer:    sewer_fruit_machine

Skill      XL: |  1  2  3  4  5 |
---------------+----------------+-----
Ranged Weapons | 5 6 |  6.0
Fighting       | 3 |  3.9
Armour         | 1 |  1.2
Dodging        | |  1.5
Stealth        | |  1.1

Action                     |  1- 3 |  4- 6 || total
---------------------------+-------+-------++-------
   Fire: Shortbow          |   109 |   173 ||   282
    Use: Scroll            |     3 |     4 ||     7
         Potion            |       |     4 ||     4
 Armour: Leather armour    |    22 |     6 ||    28
         Ring mail         |       |    43 ||    43
  Dodge: Dodged            |    26 |    84 ||   110

Table legend:
 A = Non-vault XP
 B = Vault XP
 C = Vault XP percentage of total XP
 D = Non-vault monster count
 E = Vault monster count
 F = Vault count percentage of total count
                 A         B        C        D         E       F
            +---------+---------+-------+---------+---------+-------
      Total |     100 |     193 |  65.9 |      39 |      31 |  44.3
            +---------+---------+-------+---------+---------+-------
        D:1 |      33 |       0 |   0.0 |      19 |       0 |   0.0
        D:2 |      35 |      75 |  68.2 |      15 |       8 |  34.8
        D:3 |      32 |      32 |  50.0 |       5 |       5 |  50.0
      Sewer |       0 |      86 | 100.0 |       0 |      18 | 100.0
            +---------+---------+-------+---------+---------+-------
